 Dungeon Crawl Stone Soup version 0.22.0-25-g7663229ff0 (console) character file.

8047 Pereza0 the Basher (level 11, -5/117 HPs)
             Began as an Ogre Monk on Aug 21, 2018.
             Was a Priest of Nemelex Xobeh.
             Splashed by Snorg the acid dragon's acid (10 damage)
             ... on level 11 of the Dungeon.
             The game lasted 00:43:18 (12979 turns).

Pereza0 the Basher (Ogre Monk)                     Turns: 12979, Time: 00:43:19

Health: -5/117     AC: 12    Str: 25    XL:     11   Next: 24%
Magic:  1/17       EV: 10    Int: 11    God:    Nemelex Xobeh [***...]
Gold:   559        SH:  0    Dex: 11    Spells: 7/10 levels left

rFire    + + .     SeeInvis +   K - +2 flail (protect)
rCold    + . .     Gourm    .   (no shield)
rNeg     . . .     Faith    .   h - +2 robe
rPois    .         Spirit   .   (helmet restricted)
rElec    .         Reflect  .   q - scarf {rC+ rF+}
rCorr    .         Harm     .   (gloves unavailable)
MR       +....                  (boots unavailable)
Stlth    ++........             O - amulet of the acrobat
HPRegen  0.29/turn              j - ring of protection from fire
MPRegen  0.15/turn              y - ring of see invisible

@: mighty, protection aura
A: large, unfitting armour, tough skin 1
a: Triple Draw, Renounce Religion


You were on level 11 of the Dungeon.
You worshipped Nemelex Xobeh.
Nemelex Xobeh was most pleased with you.
You were not hungry.

You visited 2 branches of the dungeon, and saw 12 of its levels.

You collected 559 gold pieces.

Inventory:

Hand Weapons
 k - a +3 morningstar of freezing
 I - a +3 morningstar of protection
 J - a +0 giant spiked club
 K - a +2 flail of protection (weapon)
Missiles
 g - 3 javelins (quivered)
Armour
 h - a +2 robe (worn)
 q - a scarf of resistance (worn)
Jewellery
 j - a ring of protection from fire (left hand)
 y - a ring of see invisible (right hand)
 O - an amulet of the acrobat (around neck)
Wands
 u - a wand of random effects (34)
 z - a wand of flame (14)
 M - a wand of iceblast (4)
Scrolls
 d - 6 scrolls of teleportation
 e - a scroll of magic mapping {unknown}
 f - a scroll of amnesia
 l - 2 scrolls of remove curse
 o - a scroll of torment {unknown}
 p - a scroll of enchant weapon {unknown}
 r - a scroll of blinking
 s - a scroll of enchant armour {unknown}
 C - a scroll of fear {unknown}
Potions
 a - a potion of curing
 m - a potion of resistance {unknown}
 t - 2 potions of might
 A - a potion of heal wounds {unknown}
 B - 2 potions of flight
 D - a potion of mutation {unknown}
 F - a potion of invisibility {unknown}
 G - a potion of agility {unknown}
 H - a potion of brilliance {unknown}
 L - a potion of berserk rage {unknown}
Miscellaneous
 i - an ornate deck of summoning {drawn: 1}
 n - a plain deck of escape {drawn: 1}
 v - an ornate deck of summoning
 w - a plain deck of destruction {drawn: 4}
 x - a plain deck of summoning {drawn: 5}
Comestibles
 c - 12 rations


   Skills:
 - Level 10.0 Fighting
 + Level 12.3 Maces & Flails
 - Level 2.6 Dodging
 - Level 1.4 Stealth
 - Level 8.7 Invocations


You had 7 spell levels left.
You knew the following spells:

 Your Spells              Type           Power        Failure   Level  Hunger
a - Ozocubu's Armour      Chrm/Ice       #.......     71%         3    ####...

Your spell library contained the following spells:

 Spells                   Type           Power        Failure   Level  Hunger
 Corona                   Hex            #......      34%         1    ##.....
 Freeze                   Ice            #...         34%         1    ##.....
 Slow                     Hex            #.......     47%         2    ###....
 Throw Frost              Conj/Ice       #.....       47%         2    ###....
 Inner Flame              Hex/Fire       #.......     71%         3    ####...
 Portal Projectile        Hex/Tloc       #.....       71%         3    ####...
 Cause Fear               Hex            #.........   98%         4    #####..
 Leda's Liquefaction      Hex/Erth       #.........   98%         4    #####..
 Summon Ice Beast         Ice/Summ       #.......     98%         4    #####..
 Throw Icicle             Conj/Ice       #.......     98%         4    #####..


Dungeon Overview and Level Annotations

Branches:
Dungeon (11/15)            Temple (1/1) D:4            Lair (0/6) D:9
    Orc (0/2) D:10

Altars:
Ashenzari
Cheibriados
Dithmenos
Gozag
Hepliaklqana
Makhleb
Nemelex Xobeh
Okawaru
Qazlal
Ru
Sif Muna
Trog
Uskayaw
Vehumet
Wu Jian
Yredelemnul
Zin
The Shining One

Shops:
D:5 %   D:6 *   D:7 [

Annotations:
D:11 Snorg


Innate Abilities, Weirdness & Mutations

You are too large for most types of armour.
You have tough skin. (AC +1)


Message History

Deal from which deck? (? for menu, Esc to quit)
The deck only has 2 cards.
You deal a card...
It is Degeneration.
Snorg the unseen horror evaporates and reforms as an acid dragon!
Snorg twists and deforms.
You deal a card...
It is Vitriol.
The deck of cards disappears without a trace.
You have dealt Vitriol.
Press: ? - help, Shift-Dir - straight line, f/p - Snorg
Aim: Snorg the acid dragon (moderately wounded, misshapen and mutated, hasn't noticed you)
Okay, then.
Nemelex gives you another card to finish dealing.
You deal a card...
You have dealt Torment.
Your body is wracked with pain!
* * * LOW HITPOINT WARNING * * *
You can no longer deal four cards at a time.
Snorg spits acid at you. The splash of acid hits you!
* * * LOW HITPOINT WARNING * * *
You are splashed with acid!
The acid burns!
You die...
Your body glows with a rainbow of weird colours and disappears.

#........'.####'#######
#........### #..#
######+### ##.## ##..#
#..## #+##### ###.##
....... #...#
.......##.###
......D@..# .......##.#
.(..... #... .......
##### #+#####


You could see Snorg the acid dragon.

Vanquished Creatures
  2 death yaks (D:9)
  6 hippogriffs
  Sigmund (D:5)
  8 yaks
  A black bear (D:7)
  A sky beast (D:6)
  An orc warrior (D:9)
  A necrophage (D:9)
  3 ice beasts
  2 ogres
  2 centaurs
  6 bullfrogs
  A wyvern skeleton (D:9)
  3 scorpions
  3 killer bees
  3 wights
  3 howler monkeys (D:7)
  5 crimson imps
  A quasit (D:7)
  A bullfrog zombie (D:10)
  A jelly (D:7)
  A centaur skeleton (D:9)
  2 centaur zombies
  3 hounds
  3 bullfrog skeletons (D:7)
  An orc wizard (D:4)
  Jessica (D:2)
  2 iguanas
  6 worker ants
  10 adders
  3 shadow imps
  3 worms
  2 dart slugs
  4 leopard geckos
  14 orcs
  2 ball pythons
  10 bats
  4 giant cockroaches
  9 goblins
  10 hobgoblins
  6 jackals
  5 kobolds
  3 quokkas
  6 frilled lizards
  A goblin skeleton (D:5)
  2 kobold skeletons (D:5)
  3 kobold zombies (D:5)
  3 orc zombies (D:5)
  13 rats
187 creatures vanquished.

Vanquished Creatures (collateral kills)
  A death yak (D:9)
  A troll (D:9)
  A hornet (D:8)
  7 yaks
  An ice beast (D:9)
  A phantom (D:9)
  A centaur (D:9)
  8 wights (D:9)
  A howler monkey (D:9)
  2 crimson imps (D:7)
  2 iguanas
  A worker ant (D:7)
  A shadow imp (D:7)
  5 orcs
33 creatures vanquished.

Vanquished Creatures (others)
  A centaur (D:9)
1 creature vanquished.

Grand Total: 221 creatures vanquished

Notes
Turn   | Place    | Note
-------+----------+-------------------------------------------
     0 | D:1      | Pereza0 the Ogre Monk began the quest for the Orb.
     0 | D:1      | Reached XP level 1. HP: 24/24 MP: 1/1
   211 | D:1      | Reached skill level 3 in Maces & Flails
   276 | D:1      | Reached XP level 2. HP: 31/32 MP: 2/2
   647 | D:1      | Reached XP level 3. HP: 35/39 MP: 3/3
   975 | D:1      | You fall through a shaft!
   992 | D:2      | Reached skill level 4 in Maces & Flails
  1070 | D:2      | Reached XP level 4. HP: 34/49 MP: 4/4
  1908 | D:2      | Noticed Jessica
  1912 | D:2      | Killed Jessica
  2266 | D:3      | Found a shadowy altar of Dithmenos.
  2294 | D:3      | Reached XP level 5. HP: 29/55 MP: 5/5
  2612 | D:3      | Reached skill level 5 in Fighting
  3162 | D:4      | Found a staircase to the Ecumenical Temple.
  3167 | Temple   | Entered the Ecumenical Temple
  3231 | Temple   | Became a worshipper of Nemelex Xobeh the Trickster
  3231 | Temple   | Received a gift from Nemelex Xobeh
  3231 | Temple   | Reached * piety under Nemelex Xobeh
  3231 | Temple   | Received a gift from Nemelex Xobeh
  3231 | Temple   | Reached ** piety under Nemelex Xobeh
  3231 | Temple   | Received a gift from Nemelex Xobeh
  3781 | D:4      | Reached skill level 5 in Maces & Flails
  4048 | D:4      | Received a gift from Nemelex Xobeh
  4431 | D:4      | Found a deep blue altar of Sif Muna.
  4527 | D:5      | Entered Level 5 of the Dungeon
  4541 | D:5      | Noticed Sigmund
  4546 | D:5      | Killed Sigmund
  4546 | D:5      | Reached skill level 1 in Invocations
  4546 | D:5      | Reached XP level 6. HP: 61/66 MP: 5/7
  4635 | D:5      | Found a glowing golden altar of the Shining One.
  5197 | D:5      | Found Nedatael's Food Shop.
  5212 | D:5      | Found a snail-covered altar of Cheibriados.
  5222 | D:5      | Reached skill level 6 in Maces & Flails
  5222 | D:5      | Reached XP level 7. HP: 56/72 MP: 8/8
  5542 | D:5      | Noticed Blork the orc
  5645 | D:5      | Noticed Blork
  5645 | D:5      | Blork the orc changed into Blork the adder
  5649 | D:5      | Killed Blork the adder
  5974 | D:6      | Received a gift from Nemelex Xobeh
  6018 | D:6      | Reached *** piety under Nemelex Xobeh
  6168 | D:6      | Found a basalt altar of Yredelemnul.
  6296 | D:6      | Reached skill level 7 in Maces & Flails
  6473 | D:6      | Found Idwiu's Assorted Antiques.
  6726 | D:7      | Reached XP level 8. HP: 72/81 MP: 9/9
  6765 | D:7      | Reached skill level 8 in Maces & Flails
  7244 | D:7      | Reached skill level 9 in Maces & Flails
  7271 | D:7      | Found Tuirryah's Armour Shop.
  7835 | D:7      | Found a shattered altar of Ashenzari.
  7902 | D:8      | Noticed a hornet
  7911 | D:8      | Noticed a wyvern
  7911 | D:8      | Paralysed by a hornet for 3 turns
  7911 | D:8      | Killed a hornet
  7911 | D:8      | Reached skill level 10 in Maces & Flails
  7911 | D:8      | Reached XP level 9. HP: 16/88 MP: 10/10
  8236 | D:8      | Learned a level 3 spell: Ozocubu's Armour
  8688 | D:8      | Received a gift from Nemelex Xobeh
  8753 | D:8      | Reached **** piety under Nemelex Xobeh
  9054 | D:9      | Received a gift from Nemelex Xobeh
  9236 | D:9      | Reached skill level 5 in Invocations
  9285 | D:9      | Noticed a death yak
  9318 | D:9      | Noticed a death yak
  9332 | D:9      | Noticed a death yak
  9345 | D:9      | Killed a death yak
  9345 | D:9      | Reached XP level 10. HP: 82/98 MP: 14/16
  9347 | D:9      | Killed a death yak
  9349 | D:9      | Noticed a rust devil
  9352 | D:9      | Killed a death yak
  9677 | D:9      | Found a staircase to the Lair.
 10175 | D:9      | Found a snail-covered altar of Cheibriados.
 10242 | D:9      | Reached skill level 10 in Fighting
 10340 | D:10     | Entered Level 10 of the Dungeon
 10706 | D:9      | Reached skill level 11 in Maces & Flails
 11120 | D:9      | Found a stormy altar of Qazlal.
 11255 | D:10     | Received a gift from Nemelex Xobeh
 11555 | D:10     | Reached XP level 11. HP: 102/117 MP: 17/17
 11847 | D:10     | Reached skill level 12 in Maces & Flails
 12042 | D:10     | Received a gift from Nemelex Xobeh
 12130 | D:10     | Found a staircase to the Orcish Mines.
 12657 | D:10     | Received a gift from Nemelex Xobeh
 12966 | D:11     | Noticed Snorg
 12978 | D:11     | Noticed Snorg
 12978 | D:11     | Snorg changed into Snorg the unseen horror
 12979 | D:11     | Noticed Snorg
 12979 | D:11     | Snorg the unseen horror changed into Snorg the acid dragon
 12979 | D:11     | HP: 5/117 [Snorg the acid dragon/splash of acid (7)]
 12979 | D:11     | Splashed by Snorg the acid dragon's acid

Skill      XL: |  1  2  3  4  5  6  7  8  9 10 11 |
---------------+----------------------------------+-----
Maces & Flails | 3 4 5 6 7 10 11 12 | 12.3
Fighting       | 5 10 | 10.0
Invocations    | 1 2 8 |  8.7
Dodging        | |  2.6
Stealth        | |  1.4

Action                   |  1- 3 |  4- 6 |  7- 9 | 10-12 || total
-------------------------+-------+-------+-------+-------++-------
Melee: Mace              |   104 |   206 |    12 |       ||   322
       Flail             |       |       |   240 |   203 ||   443
       Morningstar       |       |       |    40 |    27 ||    67
Throw: Javelin           |       |       |     4 |     3 ||     7
Invok: Deal Four         |       |       |       |     4 ||     4
Evoke: Deck              |       |     4 |     9 |     2 ||    15
       Wand              |       |     2 |       |     6 ||     8
  Use: Scroll            |       |     4 |     1 |     7 ||    12
       Potion            |       |     5 |     3 |     3 ||    11
 Stab: Sleeping          |     4 |     3 |     3 |     3 ||    13
  Eat: Chunk             |     1 |    12 |    10 |     9 ||    32
       Ration            |       |       |     1 |     1 ||     2
Armor: Robe              |    37 |    58 |   127 |    87 ||   309
       Skin              |       |    10 |     4 |    28 ||    42
Dodge: Dodged            |    69 |   106 |   150 |   113 ||   438
